 Dungeon Crawl Stone Soup version 0.22-a0-143-g83aada6 (webtiles) character file.

3 Dirtyleaf the Firebug (level 1, -1/13 HPs)
             Began as a Human Fire Elementalist on Feb 5, 2018.
             Slain by a jackal (2 damage)
             ... on level 1 of the Dungeon.
             The game lasted 00:01:23 (143 turns).

Dirtyleaf the Firebug (Human Fire Elementalist)      Turns: 143, Time: 00:01:23

Health: -1/13      AC:  2    Str:  8    XL:     1   Next: 55%
Magic:  1/3        EV: 12    Int: 15    God:
Gold:   29         SH:  0    Dex: 13    Spells: 3/4 levels left

rFire    . . .     SeeInvis .   (no weapon)
rCold    . . .     Gourm    .   (no shield)
rNeg     . . .     Faith    .   a - +0 robe
rPois    .         Spirit   .   (no helmet)
rElec    .         Reflect  .   (no cloak)
rCorr    .         Harm     .   (no gloves)
MR       .....                  (no boots)
Stlth    ++........             (no amulet)
HPRegen  0.04/turn              (no ring)
MPRegen  0.08/turn              (no ring)

@: very slightly contaminated
A: no striking features
a: no special abilities


You were on level 1 of the Dungeon.
You were not hungry.

You visited 1 branch of the dungeon, and saw 1 of its levels.

You collected 29 gold pieces.

Inventory:

Armour
 a - a +0 robe (worn)
Jewellery
 g - an uncursed amulet of faith {unknown}
Scrolls
 d - a scroll of amnesia {unknown}
 f - a scroll of remove curse {unknown}
 i - a scroll of identify {unknown}
Potions
 e - a potion of heal wounds {unknown}
Books
 b - a book of Flames

   Spells                             Type                      Level
   a - Flame Tongue                   Conjuration/Fire             1
   b - Throw Flame                    Conjuration/Fire             2
   c - Conjure Flame                  Conjuration/Fire             3
   d - Inner Flame                    Hexes/Fire                   3
   e - Sticky Flame                   Conjuration/Fire             4
   f - Fireball                       Conjuration/Fire             5
Comestibles
 c - 2 rations


   Skills:
 + Level 2.0 Dodging
 + Level 2.0 Stealth
 + Level 0.4 Unarmed Combat
 + Level 2.0 Spellcasting
 + Level 1.0 Conjurations
 + Level 3.1 Fire Magic


You had 3 spell levels left.
You knew the following spells:

 Your Spells              Type           Power        Failure   Level  Hunger
a - Flame Tongue          Conj/Fire      #....        10%         1    #......


Dungeon Overview and Level Annotations

Branches:
Dungeon (1/15)

Altars:


Message History

The jackal completely misses you.
Casting: Flame Tongue (safe; 10% risk of failure)
Confirm with . or Enter, or press ? or * to list all spells.
Aiming: Flame Tongue (safe; 10% risk of failure)
Press: ? - help, Shift-Dir - straight line, f/p - jackal
Aim: a jackal The flame tongue misses the jackal.
The flame tongue hits the jackal.
The jackal is severely wounded.
The jackal completely misses you.
Casting: Flame Tongue (safe; 10% risk of failure)
Confirm with . or Enter, or press ? or * to list all spells.
Aiming: Flame Tongue (safe; 10% risk of failure)
Press: ? - help, Shift-Dir - straight line, f/p - jackal
Aim: a jackal (severely wounded)
The flame tongue hits the jackal.
The jackal is moderately wounded.
The jackal bites you.
* * * LOW HITPOINT WARNING * * *
The jackal bites you.
You die...

..... ... ...g. ..# #
...... ..#..# .#..
......###..#... .#..#
....hh#..............
...........#..#..#..#
#h..>.........#..#
#########.#.##..#..#..#
.......@hh......#..#..#+
#########.##............
#####...................
........................
.####.......#####'#.....
#.......# #.##.##.
.####.......# #..#.#..
............######.#.#..
.####.......##.....#.#..


You could see 2 jackals.

Vanquished Creatures
  A jackal (D:1)
  A bat (D:1)
  2 rats (D:1)
4 creatures vanquished.

Notes
Turn   | Place    | Note
-------+----------+-------------------------------------------
     0 | D:1      | Dirtyleaf the Human Fire Elementalist began the quest for the Orb.
     0 | D:1      | Reached XP level 1. HP: 13/13 MP: 3/3
   143 | D:1      | Slain by a jackal

Vault maps used:
D:1:      minmay_arrival_doors

Action                   || total
-------------------------++-------
Melee: Unarmed           ||    15
 Cast: Flame Tongue      ||     6
  Use: Potion            ||     1
Armor: Robe              ||     3
Dodge: Dodged            ||    15

Table legend:
 A = Spawn XP
 B = Non-spawn XP
 C = Spawn XP percentage of total XP
 D = Spawn monster count
 E = Non-spawn monster count
 F = Spawn count percentage of total count
 G = Total turns spent on level
                    A         B        C        D         E        F      G
               +---------+---------+-------+---------+---------+-------+---------
         Total |       0 |       5 |   0.0 |       0 |       4 |   0.0 |   143
               +---------+---------+-------+---------+---------+-------+---------
           D:1 |       0 |       5 |   0.0 |       0 |       4 |   0.0 |   143
               +---------+---------+-------+---------+---------+-------+---------
